 Dungeon Crawl Stone Soup version 0.23.1 (webtiles) character file.

Game seed: 2866218726351857545

194 Monsterracer the Chopper (level 5, -4/41 HPs)
             Began as a Demonspawn Gladiator on Mar 8, 2019.
             Killed from afar by an orc wizard (8 damage)
             ... with a magic dart
             ... on level 4 of the Dungeon.
             The game lasted 00:02:10 (3157 turns).

Monsterracer the Chopper (Demonspawn Gladiator)     Turns: 3157, Time: 00:02:11

Health: -4/41      AC:  6    Str: 15    XL:     5   Next: 44%
Magic:  5/5        EV: 12    Int: 10    God:
Gold:   213        SH:  0    Dex: 14    Spells: 4/4 levels left

rFire    . . .     SeeInvis .   a - +0 war axe
rCold    + . .     Gourm    .   (no shield)
rNeg     . . .     Faith    .   b - +0 leather armour
rPois    .         Spirit   .   (helmet restricted)
rElec    .         Reflect  .   (no cloak)
rCorr    .         Harm     .   (no gloves)
MR       .....                  (no boots)
Stlth    ++........             s - amulet of magic regeneration
HPRegen  0.13/turn              C - ring of protection from cold
MPRegen  0.34/turn              (no ring)

@: no status effects
A: antennae 1, molten scales 2, nightstalker 1
a: no special abilities


You were on level 4 of the Dungeon.
You were not hungry.

You visited 1 branch of the dungeon, and saw 4 of its levels.

You collected 213 gold pieces.


Innate Abilities, Weirdness & Mutations

You have a pair of small antennae on your head.
You are mostly covered in molten scales. (AC +3)
You are slightly more attuned to the shadows.


   Skills:
 + Level 3.5 Fighting
 * Level 4.9 Axes
 - Level 1.7 Throwing
 - Level 2.6 Dodging


You had 4 spell levels left.
You didn't know any spells.
Your spell library contained the following spells:

 Spells                   Type           Power        Failure   Level  Hunger
 Summon Small Mammal      Summ           #...         43%         1    ##.....
 Call Imp                 Summ           #.......     56%         2    ###....
 Call Canine Familiar     Summ           #.......     80%         3    ####...
 Summon Guardian Golem    Hex/Summ       #.......     80%         3    ####...
 Summon Ice Beast         Ice/Summ       #.......     99%         4    #####..
 Summon Lightning Spire   Summ/Air       #.......     99%         4    #####..

Inventory:

Hand Weapons
 a - a +0 war axe (weapon)
Armour
 b - a +0 leather armour (worn)
Jewellery
 s - an amulet of magic regeneration (around neck)
   (You found it on level 4 of the Dungeon)
 t - an uncursed ring of fire {unknown}
   (You found it on level 4 of the Dungeon)
 C - a ring of protection from cold (left hand)
   (You found it on level 1 of the Dungeon)
Wands
 q - a wand of digging (6)
   (You found it on level 3 of the Dungeon)
Scrolls
 h - a scroll of blinking {unknown}
 i - a scroll of remove curse {unknown}
 j - 4 scrolls of teleportation {unknown}
 m - 6 scrolls of identify {unknown}
 p - 2 scrolls of amnesia {unknown}
 r - a scroll of enchant weapon {unknown}
 v - a scroll of fog {unknown}
Potions
 e - a potion of berserk rage {unknown}
 g - a potion of mutation {unknown}
 k - a potion of magic {unknown}
 l - a potion of ambrosia {unknown}
 n - a potion of degeneration {unknown}
 o - 3 potions of heal wounds {unknown}
 u - a potion of resistance {unknown}
Comestibles
 c - 4 rations
 f - 2 chunks of flesh

Dungeon Overview and Level Annotations

Branches:
Dungeon (4/15)
 Temple: D:4-7

Altars:

#.# #..# #.# ##.#
##'## #(# ##...##
#.# #.....## ##
#.# .......#
##.##.#
†.......####...#.#
........+.......o#
........####...#@#
.......## ##.##)##
#.....## ###.).##
##...## #.....#
#+## #.......#
.........#
..........#
.........##
....#...##


You could see an orc wizard.


Message History

You kill the orc wizard!
The orc wizard hits you with a +0 dagger.
You take 5 damage, and have 30/41 hp.
You hit the orc wizard.
The orc wizard is lightly wounded.
The orc wizard hits you but does no damage. x2
You hit the orc wizard but do no damage.
The orc wizard is lightly wounded.
The orc wizard barely misses you.
The orc wizard gestures at you while chanting.
You feel yourself slow down.
You barely miss the orc wizard.
The orc wizard is lightly wounded.
The orc wizard gestures wildly while chanting.
The orc wizard blinks!
The orc wizard mumbles some strange words.
The orc wizard blinks!
The orc barely misses you.
You hit the orc.
The orc is almost dead.
The orc misses you.
You closely miss the orc.
The orc is almost dead.
The orc hits you with a cursed +0 flail.
The orc wizard gestures wildly while chanting.
The orc wizard blinks!
The orc hits you with a cursed +0 flail.
* * * LOW HITPOINT WARNING * * *
You take 11 damage, and have 20/41 hp.
MASSIVE DAMAGE!!
You slash the orc!
You kill the orc!
You hit the orc wizard.
The orc wizard hits you with a +0 dagger.
* * * LOW HITPOINT WARNING * * *
The orc wizard hits you but does no damage.
The orc wizard hits you with a +0 dagger.
* * * LOW HITPOINT WARNING * * *
You take 5 damage, and have 15/41 hp.
Throwing (i - inventory)
d - 3 throwing nets (quivered)
{!f}
Press: ? - help, Shift-Dir - straight line, f - orc wizard
Aim: an orc wizard, wielding a +0 dagger and wearing a +0 robe (lightly wounded, fast) Really fire
d - 3 throwing nets {!f}?
You throw a throwing net {!f}.
The throwing net {!f} closely misses the orc wizard.
The orc wizard mumbles some strange words.
The orc wizard blinks!
Items here: )) [[ † a cursed +0 flail; a cursed +0 scale mail; a +0 dagger; a +0 robe an orc corpse The orc wizard gestures wildly while chanting.
The orc wizard blinks!
The orc wizard gestures at you while chanting.
The magic dart hits you.
* * * LOW HITPOINT WARNING * * *
You take 4 damage, and have 12/41 hp.
Unknown command.
The orc wizard barely misses you. The orc wizard casts a spell at you.
The magic dart hits you.
* * * LOW HITPOINT WARNING * * *
Things that are here:
a +0 hand axe; an orc corpse You take 3 damage, and have 9/41 hp.
Unknown command.
Throwing (i - inventory)
d - 2 throwing nets (quivered)
{!f}
Press: ? - help, Shift-Dir - straight line, f/p - orc wizard
Aim: an orc wizard, wielding a +0 dagger and wearing a +0 robe (lightly wounded, fast) Really fire
d - 2 throwing nets {!f}?
You throw a throwing net {!f}.
The throwing net {!f} hits the orc wizard.
The orc wizard is caught in the net!
The orc wizard is lightly wounded.
The orc wizard struggles against the net. x2
You hit the orc wizard.
The orc wizard is heavily wounded.
The orc wizard struggles against the net.
The orc wizard mumbles some strange words.
The orc wizard blinks!
The orc wizard gestures wildly while chanting.
The orc wizard blinks!
Items here: )) [[ † a cursed +0 flail; a cursed +0 scale mail; a +0 dagger; a +0 robe an orc corpse The orc wizard gestures at you while chanting.
The magic dart hits you.
* * * LOW HITPOINT WARNING * * *
You take 3 damage, and have 7/41 hp.
Unknown command.
Throwing (i - inventory)
d - a throwing net (quivered)
{!f}
Press: ? - help, Shift-Dir - straight line, f/p - orc wizard
Aim: an orc wizard, wielding a +0 dagger and wearing a +0 robe (heavily wounded, fast) Really fire
d - a throwing net {!f}?
You throw a throwing net {!f}.
The throwing net {!f} closely misses the orc wizard.
You feel yourself speed up.
The orc wizard gestures at you while chanting.
The magic dart hits you.
* * * LOW HITPOINT WARNING * * *
The orc wizard points at you and mumbles some strange words.
The magic dart hits you!
You die...

Skill      XL: |  1  2  3  4 |
---------------+-------------+-----
Axes           | 3 4 |  4.9
Fighting       | 3 |  3.5
Throwing       | |  1.7
Dodging        | |  2.6

Action                   |  1- 3 |  4- 6 || total
-------------------------+-------+-------++-------
Melee: War axe           |   135 |    86 ||   221
Throw: Throwing net      |     1 |     3 ||     4
 Stab: Sleeping          |     3 |       ||     3
  Eat: Chunk             |     4 |     3 ||     7
Armor: Leather armour    |    53 |    30 ||    83
Dodge: Dodged            |   108 |    60 ||   168

Levels and vault maps discovered:
D:1:      dpeg_arrival_connections, layout_basic, minmay_misc_feat_ornament
D:2:      layout_loops_ring, chequers_ecumenical_altar_grove, uniq_robin
D:3:      layout_basic, minmay_pentomino_pile
D:4:      layout_loops_corners, temple_statues, first_ration

Notes
Turn   | Place    | Note
-------+----------+-------------------------------------------
     0 | D:1      | Monsterracer the Demonspawn Gladiator began the quest for
                  | the Orb.
     0 | D:1      | Reached XP level 1. HP: 16/16 MP: 1/1
    47 | D:1      | Reached skill level 3 in Axes
   116 | D:1      | Gained mutation: You are partially covered in molten
                  | scales. (AC +2) [demonic ancestry]
   116 | D:1      | Reached XP level 2. HP: 14/22 MP: 2/2
   987 | D:1      | Gained mutation: You are mostly covered in molten scales.
                  | (AC +3) [demonic ancestry]
   987 | D:1      | Reached XP level 3. HP: 28/28 MP: 3/3
  1213 | D:2      | HP: 9/28 [worm (10)]
  1800 | D:2      | Noticed a phantom
  1826 | D:2      | HP: 14/28 [phantom (2)]
  2133 | D:3      | Reached skill level 4 in Axes
  2139 | D:3      | Gained mutation: You have a pair of small antennae on your
                  | head. [demonic ancestry]
  2139 | D:3      | Reached XP level 4. HP: 34/34 MP: 4/4
  2425 | D:3      | HP: 14/35 [orc/+0 club (4)]
  2432 | D:3      | HP: 14/35 [kobold (1)]
  2990 | D:4      | Gained mutation: You are slightly more attuned to the
                  | shadows. [demonic ancestry]
  2990 | D:4      | Reached XP level 5. HP: 40/41 MP: 5/5
  3147 | D:4      | HP: 20/41 [orc/cursed +0 flail (6)]
  3152 | D:4      | HP: 9/41 [orc wizard/magic dart (3)]
  3157 | D:4      | HP: 4/41 [orc wizard/magic dart (3)]
  3157 | D:4      | Killed from afar by an orc wizard

Vanquished Creatures
  A scorpion (D:4)
  An orc wizard (D:4)
  3 adders (D:3)
  An ooze (D:3)
  3 worms (D:2 D:3)
  2 dart slugs (D:1 D:3)
  3 leopard geckos (D:1 D:3)
  7 orcs (D:3 D:4)
  A ball python (D:3)
  2 bats (D:1 D:3)
  4 giant cockroaches (D:1 D:2 D:3 D:4)
  3 goblins (D:1 D:2)
  4 hobgoblins (D:1 D:3)
  10 jackals (D:1 D:2 D:4)
  10 kobolds (D:1 D:2 D:3)
  6 frilled lizards (D:1 D:3)
  8 rats (D:1 D:3)
69 creatures vanquished.

Table legend:
 A = Turns spent in this place as a percentage of turns spent in the entire game.
 B = Non-inter-level travel turns spent in this place as a percentage of non-inter-level travel turns spent in the entire game.
 C = Inter-level travel turns spent in this place as a percentage of turns spent in this place.
 D = Turns resting spent in this place as a percentage of non-inter-level travel turns spent in this place.
 E = Turns spent auto-exploring this place as a percentage of non-inter-level travel turns spent in this place.
 F = Non-inter-level travel turns spent in this place divided by the number of levels of this place that you've seen.
                   A       B       C       D       E      F
               +-------+-------+-------+-------+-------+----------------------
         Total | 100.0 | 100.0 |   1.0 |   0.0 |  84.3 | 781.2
       Dungeon | 100.0 | 100.0 |   1.0 |   0.0 |  84.3 | 781.2
               +-------+-------+-------+-------+-------+----------------------

Table legend:
 A = Non-vault XP
 B = Vault XP
 C = Vault XP percentage of total XP
 D = Non-vault monster count
 E = Vault monster count
 F = Vault count percentage of total count
                 A         B        C        D         E       F
            +---------+---------+-------+---------+---------+-------
      Total |     270 |       8 |   2.9 |      65 |       4 |   5.8
            +---------+---------+-------+---------+---------+-------
        D:1 |      44 |       0 |   0.0 |      26 |       0 |   0.0
        D:2 |      24 |       0 |   0.0 |      10 |       0 |   0.0
        D:3 |      84 |       8 |   8.7 |      20 |       4 |  16.7
        D:4 |     118 |       0 |   0.0 |       9 |       0 |   0.0
            +---------+---------+-------+---------+---------+-------
